SA
KENNESAW JETS @ PUT-IN-BAY BC
09/13/2027
 
TOP OF THE 1ST
Kennesaw Jets batting - Pitching for Put-In-Bay BC : RHP Felipe Pereira
Pitching: RHP Felipe Pereira
Batting: RHB Héctor Amador 0-0: Foul Ball, location: 2F
0-1: Swinging Strike
0-2: Strikes out looking
Batting: LHB Manuel Márquez 0-0: Ball
1-0: Ball
2-0: Ball
3-0: Base on Balls
Batting: RHB Patrick Eggen 0-0: Called Strike
0-1: Foul Ball, location: 2F
0-2: Hit by Pitch
Manuel Márquez to second
Batting: RHB Carlos Deleón 0-0: Grounds into double play, 6-4-3 (Groundball, 6)
Top of the 1st over - 0 run(s), 0 hit(s), 0 error(s), 1 left on base; Kennesaw 0 - Put-In-Bay 0
BOTTOM OF THE 1ST
Put-In-Bay BC batting - Pitching for Kennesaw Jets : LHP Manuel Ceja
Pitching: LHP Manuel Ceja
Batting: SHB Júlio Pérez 0-0: Ball
1-0: Fly out, F3 (Popup, 34)
Batting: RHB Lou Lumsden 0-0: Foul Ball, location: 2F
0-1: Called Strike
0-2: Ball
1-2: Ball
2-2: Foul Ball, location: 2F
2-2: Foul Ball, location: 2F
2-2: Ball
3-2: SINGLE (Flyball, 9LS)
Batting: RHB Alan McLennan 0-0: Foul Ball, location: 2F
0-1: Foul Ball, location: 2F
0-2: Strikes out swinging
Batting: SHB Eugene Clutch 0-0: Ball
1-0: Fly out, F9 (Flyball, 9)
Bottom of the 1st over - 0 run(s), 1 hit(s), 0 error(s), 1 left on base; Kennesaw 0 - Put-In-Bay 0
TOP OF THE 2ND
Kennesaw Jets batting - Pitching for Put-In-Bay BC : RHP Felipe Pereira
Batting: RHB Vic Richards 0-0: Ball
1-0: Foul Ball, location: 2F
1-1: Called Strike
1-2: Ball
2-2: Ball
3-2: Strikes out looking
Batting: RHB Bartolo Rosas 0-0: Ball
1-0: Swinging Strike
1-1: Ball
2-1: Foul Ball, location: 2F
2-2: Strikes out swinging
Batting: RHB Bernardo Martínez 0-0: Ball
1-0: Fly out, F4 (Popup, 4D)
Top of the 2nd over - 0 run(s), 0 hit(s), 0 error(s), 0 left on base; Kennesaw 0 - Put-In-Bay 0
BOTTOM OF THE 2ND
Put-In-Bay BC batting - Pitching for Kennesaw Jets : LHP Manuel Ceja
Batting: RHB Edgar Balerio 0-0: SOLO HOME RUN (Flyball, 7D), Distance : 383 ft
Batting: LHB Vicente Castaneda 0-0: Foul Ball, location: 2F
0-1: Foul Ball, location: 2F
0-2: Ground out 6-3 (Groundball, 6)
Batting: RHB Alejandro Márquez 0-0: Ball
1-0: Swinging Strike
1-1: Foul Ball, location: 2F
1-2: Ball
2-2: Ball
3-2: Base on Balls
Batting: RHB Angus Watts 0-0: Ball
1-0: Ball
2-0: Foul Ball, location: 2F
2-1: Hit by Pitch
Alejandro Márquez to second
Batting: LHB Francisco Alfaro 0-0: Called Strike
0-1: Called Strike
0-2: Foul Ball, location: 2F
0-2: Foul Ball, location: 2F
0-2: Ball
1-2: Fly out, F9 (Flyball, 9)
Batting: SHB Júlio Pérez 0-0: Called Strike
0-1: Ball
1-1: Fielders Choice at 2nd, 5-4 (Groundball, 56)
Bottom of the 2nd over - 1 run(s), 1 hit(s), 0 error(s), 1 left on base; Kennesaw 0 - Put-In-Bay 1
TOP OF THE 3RD
Kennesaw Jets batting - Pitching for Put-In-Bay BC : RHP Felipe Pereira
Batting: SHB Pedro Ortega 0-0: Called Strike
0-1: Ball
1-1: Foul Ball, location: 2F
1-2: Ball
2-2: Fly out, F8 (Flyball, 8RD)
Batting: RHB José Luna 0-0: Called Strike
0-1: Ball
1-1: Called Strike
1-2: Foul Ball, location: 2F
1-2: Fly out, F8 (Flyball, 8RM)
Batting: RHB Héctor Amador 0-0: Ball
1-0: Swinging Strike
1-1: Called Strike
1-2: Ball
2-2: Strikes out swinging
Top of the 3rd over - 0 run(s), 0 hit(s), 0 error(s), 0 left on base; Kennesaw 0 - Put-In-Bay 1
BOTTOM OF THE 3RD
Put-In-Bay BC batting - Pitching for Kennesaw Jets : LHP Manuel Ceja
Batting: RHB Lou Lumsden 0-0: Ball
1-0: Ball
2-0: Ball
3-0: Called Strike
3-1: Ground out 5-3 (Groundball, 5)
Batting: RHB Alan McLennan 0-0: Ball
1-0: Swinging Strike
1-1: Ball
2-1: Ball
3-1: Ground out 5-3 (Groundball, 56S)
Batting: SHB Eugene Clutch 0-0: Ball
1-0: Ball
2-0: Called Strike
2-1: Foul Ball, location: 2F
2-2: Strikes out swinging
Bottom of the 3rd over - 0 run(s), 0 hit(s), 0 error(s), 0 left on base; Kennesaw 0 - Put-In-Bay 1
TOP OF THE 4TH
Kennesaw Jets batting - Pitching for Put-In-Bay BC : RHP Felipe Pereira
Batting: LHB Manuel Márquez 0-0: Fly out, F8 (Flyball, 8LS)
Batting: RHB Patrick Eggen 0-0: Ball
1-0: SINGLE (Flyball, 78S)
Batting: RHB Carlos Deleón 0-0: Called Strike
0-1: Hit by Pitch
Patrick Eggen to second
Batting: RHB Vic Richards 0-0: Ball
1-0: Ground out 6-3 (Groundball, 6MD)
Patrick Eggen to third
Carlos Deleón to second
Batting: RHB Bartolo Rosas 0-0: Called Strike
0-1: Called Strike
0-2: Ball
1-2: Ball
2-2: Strikes out swinging
Top of the 4th over - 0 run(s), 1 hit(s), 0 error(s), 2 left on base; Kennesaw 0 - Put-In-Bay 1
BOTTOM OF THE 4TH
Put-In-Bay BC batting - Pitching for Kennesaw Jets : LHP Manuel Ceja
Batting: RHB Edgar Balerio 0-0: Fly out, F8 (Line Drive, 78M)
Batting: LHB Vicente Castaneda 0-0: Called Strike
0-1: Ball
1-1: SINGLE (Line Drive, 6D)
Batting: RHB Alejandro Márquez 0-0: Called Strike
Vicente Castaneda is caught stealing 2nd base
0-1: Ball
1-1: Called Strike
1-2: Foul Ball, location: 2F
1-2: Ground out 6-3 (Groundball, 56)
Bottom of the 4th over - 0 run(s), 1 hit(s), 0 error(s), 0 left on base; Kennesaw 0 - Put-In-Bay 1
TOP OF THE 5TH
Kennesaw Jets batting - Pitching for Put-In-Bay BC : RHP Felipe Pereira
Batting: RHB Bernardo Martínez 0-0: Called Strike
0-1: Ball
1-1: Ball
2-1: Ground out 5-3 (Groundball, 5L)
Batting: SHB Pedro Ortega 0-0: Ball
1-0: Ball
2-0: Foul Ball, location: 2F
2-1: Foul Ball, location: 2F
2-2: Foul Ball, location: 2F
2-2: Strikes out swinging
Batting: RHB José Luna 0-0: Ball
1-0: Foul Ball, location: 2F
1-1: Fly out, F9 (Flyball, 89S)
Top of the 5th over - 0 run(s), 0 hit(s), 0 error(s), 0 left on base; Kennesaw 0 - Put-In-Bay 1
BOTTOM OF THE 5TH
Put-In-Bay BC batting - Pitching for Kennesaw Jets : LHP Manuel Ceja
Batting: RHB Angus Watts 0-0: Called Strike
0-1: Ball
1-1: Ball
2-1: Foul Ball, location: 2F
2-2: Ball
3-2: Base on Balls
Batting: LHB Francisco Alfaro 0-0: Called Strike
0-1: Sac Bunt - play at first, batter OUT! 1-3
Angus Watts to second
Batting: SHB Júlio Pérez 0-0: Ball
1-0: Ground out 6-3 (Groundball, 6)
Batting: RHB Lou Lumsden 0-0: Called Strike
0-1: Ball
1-1: Foul Ball, location: 2F
1-2: Fly out, F8 (Flyball, 8LM)
Bottom of the 5th over - 0 run(s), 0 hit(s), 0 error(s), 1 left on base; Kennesaw 0 - Put-In-Bay 1
TOP OF THE 6TH
Kennesaw Jets batting - Pitching for Put-In-Bay BC : RHP Felipe Pereira
Batting: RHB Héctor Amador 0-0: Called Strike
0-1: Ball
1-1: Swinging Strike
1-2: Ball
2-2: Ball
3-2: Ground out 6-3 (Groundball, 6S)
Batting: LHB Manuel Márquez 0-0: Ball
1-0: Ball
2-0: Swinging Strike
2-1: Called Strike
2-2: Fly out, F6 (Popup, 6)
Batting: RHB Patrick Eggen 0-0: Ball
1-0: Called Strike
1-1: Ball
2-1: Called Strike
2-2: Ball
3-2: Fly out, F5 (Flyball, 5D)
Top of the 6th over - 0 run(s), 0 hit(s), 0 error(s), 0 left on base; Kennesaw 0 - Put-In-Bay 1
BOTTOM OF THE 6TH
Put-In-Bay BC batting - Pitching for Kennesaw Jets : LHP Manuel Ceja
Batting: RHB Alan McLennan 0-0: Ball
1-0: Ball
2-0: Fly out, F9 (Flyball, 89M)
Batting: SHB Eugene Clutch 0-0: Called Strike
0-1: Ball
1-1: Ball
2-1: Ball
3-1: DOUBLE (Line Drive, 7LS)
Batting: RHB Edgar Balerio 0-0: Intentional Walk
Batting: LHB Vicente Castaneda 0-0: Ball
1-0: Ball
2-0: Swinging Strike
2-1: Foul Ball, location: 2F
2-2: Foul Ball, location: 2F
2-2: Foul Ball, location: 2F
2-2: Foul Ball, location: 2F
2-2: Strikes out swinging
Batting: RHB Alejandro Márquez 0-0: Ball
1-0: Fly out, F9 (Flyball, 9LSF)
Bottom of the 6th over - 0 run(s), 1 hit(s), 0 error(s), 2 left on base; Kennesaw 0 - Put-In-Bay 1
TOP OF THE 7TH
Kennesaw Jets batting - Pitching for Put-In-Bay BC : RHP Felipe Pereira
Pitching: RHP Esteban Ramos
Batting: RHB Carlos Deleón 0-0: Called Strike
0-1: Ball
1-1: Ball
2-1: Ground out 6-3 (Groundball, 6S)
Batting: RHB Vic Richards 0-0: Called Strike
0-1: Ball
1-1: Ball
2-1: Foul Ball, location: 2F
2-2: Ball
3-2: Ground out 5-3 (Groundball, 56S)
Batting: RHB Bartolo Rosas 0-0: Ball
1-0: Swinging Strike
1-1: Foul Ball, location: 2F
1-2: Ball
2-2: Foul Ball, location: 2F
2-2: Ball
3-2: Strikes out swinging
Top of the 7th over - 0 run(s), 0 hit(s), 0 error(s), 0 left on base; Kennesaw 0 - Put-In-Bay 1
BOTTOM OF THE 7TH
Put-In-Bay BC batting - Pitching for Kennesaw Jets : LHP Manuel Ceja
Batting: RHB Angus Watts 0-0: Called Strike
0-1: SINGLE (Line Drive, 7S)
Batting: LHB Francisco Alfaro 0-0: Sac Bunt - play at first, batter OUT! 1-4
Angus Watts to second
Batting: SHB Júlio Pérez 0-0: Called Strike
0-1: Called Strike
0-2: Ball
1-2: Ball
2-2: Foul Ball, location: 2F
2-2: Ball
3-2: Ground out 4-3 (Groundball, 4)
Angus Watts to third
Batting: RHB Lou Lumsden 0-0: Called Strike
0-1: Ball
1-1: Foul Ball, location: 2F
1-2: Ground out 6-3 (Groundball, 6S)
Bottom of the 7th over - 0 run(s), 1 hit(s), 0 error(s), 1 left on base; Kennesaw 0 - Put-In-Bay 1
TOP OF THE 8TH
Kennesaw Jets batting - Pitching for Put-In-Bay BC : RHP Esteban Ramos
Batting: RHB Bernardo Martínez 0-0: Ball
1-0: Foul Ball, location: 2F
1-1: Ball
2-1: Foul Ball, location: 2F
2-2: Strikes out swinging
Batting: SHB Pedro Ortega 0-0: Swinging Strike
0-1: Ball
1-1: Ground out 4-3 (Groundball, 4M)
Batting: RHB José Luna 0-0: Fly out, F2 (Popup, 25)
Top of the 8th over - 0 run(s), 0 hit(s), 0 error(s), 0 left on base; Kennesaw 0 - Put-In-Bay 1
BOTTOM OF THE 8TH
Put-In-Bay BC batting - Pitching for Kennesaw Jets : LHP Manuel Ceja
Batting: RHB Alan McLennan 0-0: Ball
1-0: Called Strike
1-1: Ball
2-1: Called Strike
2-2: Fly out, F8 (Flyball, 8LM)
Batting: SHB Eugene Clutch 0-0: Ball
1-0: Called Strike
1-1: Ball
2-1: Fly out, F9 (Flyball, 89M)
Batting: RHB Edgar Balerio 0-0: Fly out, F2 (Popup, 5S)
Bottom of the 8th over - 0 run(s), 0 hit(s), 0 error(s), 0 left on base; Kennesaw 0 - Put-In-Bay 1
TOP OF THE 9TH
Kennesaw Jets batting - Pitching for Put-In-Bay BC : RHP Esteban Ramos
Pitching: RHP Félix Santiago
Now in RF: Oscar McMillan
Pinch Hitting: LHB Jim Unknown 0-0: Ball
1-0: Foul Ball, location: 2F
1-1: Ball
2-1: Swinging Strike
2-2: Ball
3-2: Strikes out swinging
Pinch Hitting: LHB Raúl Godines 0-0: Ball
1-0: Foul Ball, location: 2F
1-1: Ball
2-1: Ball
3-1: Swinging Strike
3-2: Foul Ball, location: 2F
3-2: Strikes out swinging
Pinch Hitting: LHB Jim Unknown 0-0: Swinging Strike
0-1: Ball
1-1: Foul Ball, location: 2F
1-2: Ball
2-2: Strikes out swinging
Top of the 9th over - 0 run(s), 0 hit(s), 0 error(s), 0 left on base; Kennesaw 0 - Put-In-Bay 1
Saturday, May 26th, 2018 - OOTP Baseball 17.12 Build 75